 Dungeon Crawl Stone Soup version 0.20.0-8-g6b59dc7 (webtiles) character file.

87 Soyweiser the Poker (level 4, -2/33 HPs)
             Began as a Merfolk Skald on May 31, 2017.
             Slain by Sigmund
             ... wielding a +0 scythe
              (6 damage)
             ... on level 2 of the Dungeon.
             The game lasted 00:08:53 (1657 turns).

Soyweiser the Poker (Merfolk Skald)                 Turns: 1657, Time: 00:08:54

Health: -2/33      AC:  3    Str: 10 (12) XL:     4   Next: 51%
Magic:  3/7        EV: 12    Int: 11 (12) God:
Gold:   21         SH:  0    Dex: 12 (13) Spells: 3/7 levels left

rFire    . . .     SeeInvis .   a - +0 spear
rCold    + . .     Gourm    .   (no shield)
rNeg     . . .     Faith    .   b - +0 leather armour
rPois    .         Spirit   .   (helmet restricted)
rElec    .         Reflect  .   (no cloak)
rCorr    .         Harm     .   (no gloves)
MR       .....                  (no boots)
Stlth    ++........             (no amulet)
Regen    0.2/turn               (no ring)
MPRegen  0.1/turn               (no ring)

@: lethally poisoned (-2 -> -17), infused (expiring)
A: change form in water, swift swim, stealthy swim, beak, camouflage 1, cold
resistance 1
a: no special abilities


You were on level 2 of the Dungeon.
You were hungry.

You visited 1 branch of the dungeon, and saw 2 of its levels.

You collected 21 gold pieces.

Inventory:

Hand Weapons
 a - a +0 spear (weapon)
 f - a +1 vampiric short sword
 l - a +0 halberd
Armour
 b - a +0 leather armour (worn)
Jewellery
 e - an uncursed ring of magical power {unknown}
Scrolls
 k - a scroll of identify {unknown}
 m - a scroll of magic mapping {unknown}
Potions
 i - a potion of haste {unknown}
Books
 c - a book of Battle

   Spells                             Type                      Level
   a - Infusion                       Charms                       1
   b - Shroud of Golubria             Charms/Translocation         2
   c - Song of Slaying                Charms                       2
   d - Spectral Weapon                Hexes/Charms                 3
   e - Regeneration                   Charms/Necromancy            3
Comestibles
 d - a bread ration
 j - a meat ration


   Skills:
 - Level 2.1 Fighting
 * Level 4.9 Polearms
 - Level 0.6 Armour
 - Level 2.6 Dodging
 - Level 2.0 Spellcasting
 * Level 4.5 Charms
 + Level 0.7 Necromancy


You had 3 spell levels left.
You knew the following spells:

 Your Spells              Type           Power        Failure   Level  Hunger
a - Infusion              Chrm           ##..         6%          1    ##.....
b - Regeneration          Chrm/Necr      #.........   38%         3    ####...


Dungeon Overview and Level Annotations

Branches:
Dungeon (2/15)

Altars:

Annotations:
D:2 Sigmund


Innate Abilities, Weirdness & Mutations

You revert to your normal form in water.
You are very nimble and swift while swimming.
You are very stealthy in the water. (Stealth+)
You have a beak for a mouth.
Your skin changes colour to match your surroundings (Stealth+).
Your flesh is cold resistant. (rC+)


Message History

Okay, then.
You hit the adder.
You kill the adder!
* * * LOW HITPOINT WARNING * * *
You feel sick.
It was a potion of degeneration.
There was something very wrong with that liquid.
You feel weakened.
You feel dopey.
You feel clumsy.
Your magical infusion is running out.
* * * LOW HITPOINT WARNING * * *
You feel sick.
It was a potion of mutation.
You feel extremely strange.
Your mouth lengthens and hardens into a beak!
You feel resistant to cold.
Your skin functions as natural camouflage.
* * * LOW HITPOINT WARNING * * *
You feel sick. The hobgoblin hits you with a club.
* * * LOW HITPOINT WARNING * * *
Something hits you.
You die...

.......≈≈....# ........≈≈÷..#
....≈≈....≈..# ...≈..≈≈..≈..#
...≈....≈≈...##
....≈≈⌠.......####
.....⌠≈≈.........# #########
..≈≈....≈....###.# #.......#
.≈..≈≈..≈....# #@# #.#####(#####
.≈....≈≈.....###g###.###.......#
..≈≈.....{..Kg..K........#.###.#
...≈≈..........#.###.#.....# #.#
###≈≈≈≈≈≈###.....# #.#.###.# #.#
##≈≈≈≈## #.##### #.@.# #.# #.#
###### ...# ###.###.# #.# ###.#
#.....###)# ##+# ###.......#


You could see a hobgoblin and a kobold.

Vanquished Creatures
  3 gnolls (D:2)
  2 adders (D:2)
  3 dart slugs (D:1)
  4 giant cockroaches
  6 goblins
  A hobgoblin (D:1)
  6 jackals (D:1)
  3 bats
  2 frilled lizards
  2 kobolds
  2 rats
34 creatures vanquished.

Notes
Turn   | Place    | Note
-------+----------+-------------------------------------------
     0 | D:1      | Soyweiser the Merfolk Skald began the quest for the Orb.
     0 | D:1      | Reached XP level 1. HP: 16/16 MP: 3/3
    56 | D:1      | Reached XP level 2. HP: 18/22 MP: 5/5
   654 | D:1      | Reached XP level 3. HP: 27/27 MP: 6/6
   659 | D:1      | Learned a level 3 spell: Regeneration
  1539 | D:2      | Reached XP level 4. HP: 33/33 MP: 0/7
  1571 | D:2      | Noticed Sigmund
  1657 | D:2      | Gained mutation: You have a beak for a mouth. [potion of mutation]
  1657 | D:2      | Gained mutation: Your flesh is cold resistant. (rC+) [potion of mutation]
  1657 | D:2      | Gained mutation: Your skin changes colour to match your surroundings (Stealth+). [potion of mutation]
  1657 | D:2      | Slain by Sigmund

Skill      XL: |  1  2 |
---------------+-------+-----
Polearms       | 4 |  4.9
Charms         | 4 |  4.5
Fighting       | |  2.1
Armour         | |  0.6
Dodging        | |  2.6
Spellcasting   | |  2.0
Necromancy     | |  0.7

Action                   |  1- 3 |  4- 6 || total
-------------------------+-------+-------++-------
Melee: Spear             |   118 |    20 ||   138
       Tailslap          |     1 |       ||     1
 Cast: Infusion          |     2 |     1 ||     3
  Use: Potion            |       |     2 ||     2
 Stab: Sleeping          |     1 |       ||     1
  Eat: Chunk             |     2 |       ||     2
Armor: Leather armour    |    16 |     2 ||    18
Dodge: Dodged            |    56 |    25 ||    81
